 Dungeon Crawl Stone Soup version 0.30-a0-691-g754fce4c43 (webtiles) character file.

Game seed: 16084390825897194002

2466714 ragingrage the Acrobat (level 27, 228/228 HPs)
             Began as a Djinni Venom Mage on Jan 19, 2023.
             Was the Champion of Ashenzari.
             Escaped with the Orb
             ... and 4 runes on Jan 20, 2023!
             The game lasted 02:27:29 (63052 turns).

ragingrage the Acrobat (Djinni Venom Mage)         Turns: 63052, Time: 02:27:30

Health: 228/228    AC: 28    Str:  6    XL:     27
Gold:   3873       EV: 29    Int: 37    God:    Ashenzari [******] SH: 11 Dex: 19

rFire   + + +      SeeInvis +    G - +8 demon blade "Leech" {evervamp, Harm Drain rN+, Cun, Fort} (curse)
rCold   + . .      Faith    .    v - +0 buckler "Ethics of Ashenzari" {rElec rC+ Will+ Dex+4, Evo, Self} (curse)
rNeg    + . .      Spirit   .    M - +4 troll leather armour of the Restrained Ordeal {Regen+, Self, Fort} (curse)
rPois   ∞          Reflect  .    H - +2 helmet "Per Aspera Ad Scientiam" {Int+3, Self, Cun} (curse)
rElec   +          Harm     +    Z - scarf "Revealing Regret" {rC+ rF+, Self, Melee} (curse)
rCorr   .          Rampage  .    y - +4 pair of gloves "I Knew You'd Do That" {Will+ Dex+3, Cun, Evo} (curse)
Will    ++++.      Clarity  +    (boots unavailable)
Stlth   +++                      p - amulet "Thunder Perfect Mind" {Regen+, Evo, Self} (curse)
HPRegen 2.18/turn                Y - ring "Anarchy of Ashenzari" {AC+4, Fort, Self} (curse)
MPRegen 0.00/turn                U - ring of the Unyielding Gaze {AC+4, Self, Evo} (curse)

@: flying, studying 3 skills
A: sickness immunity, fire resistance 2, cold vulnerability 1, float, innate
caster, HP casting, extra vitality 1, clever 1, clumsy 1
0: Orb of Zot
}: 4/15 runes: decaying, serpentine, slimy, silver
a: Renounce Religion, Shatter the Chains


You escaped.
You worshipped Ashenzari.
Ashenzari was exalted by your worship.
You visited 11 branches of the dungeon, and saw 53 of its levels.
You also visited: Gauntlet, Ice Cave and Wizlab.

You collected 8175 gold pieces.
You spent 4302 gold pieces at shops.

Inventory:

Hand Weapons
 G - the cursed +8 demon blade "Leech" (weapon) {evervamp, Harm Drain rN+, Cun, Fort}
   (You bought it in a shop on level 4 of the Vaults)

   rN:        It protects you from negative energy.
   Drain:     It drains your maximum health when unequipped.
   Harm:      It increases damage dealt and taken.
   It has a curse which improves the following skills: Cunning: Dodging and
   Stealth.
   Fortitude: Armour and Shields.
Missiles
 g - a throwing net
 r - 10 silver javelins
Armour
 v - the cursed +0 buckler "Ethics of Ashenzari" (worn) {rElec rC+ Will+ Dex+4, Evo, Self}
   (You found it on level 5 of the Pits of Slime)

   Dex:       It affects your dexterity (+4).
   rC:        It protects you from cold.
   rElec:     It insulates you from electricity.
   Will:      It increases your willpower.
   It has a curse which improves the following skills: Evocations: Evocations.
   Introspection: Fighting and Spellcasting.
 y - the cursed +4 pair of gloves "I Knew You'd Do That" (worn) {Will+ Dex+3, Cun, Evo}
   (You found it on level 5 of the Vaults)

   Dex:       It affects your dexterity (+3).
   Will:      It increases your willpower.
   It has a curse which improves the following skills: Cunning: Dodging and
   Stealth.
   Evocations: Evocations.
 H - the cursed +2 helmet "Per Aspera Ad Scientiam" (worn) {Int+3, Self, Cun}
   (You bought it in a shop on level 4 of the Vaults)

   It has a curse which improves the following skills: Introspection: Fighting
   and Spellcasting.
   Cunning:   Dodging and Stealth.
 M - the cursed +4 troll leather armour of the Restrained Ordeal (worn) {Regen+, Self, Fort}
   (You bought it in a shop on level 9 of the Dungeon)

   Regen:     It increases your rate of health regeneration.
   It has a curse which improves the following skills: Introspection: Fighting
   and Spellcasting.
   Fortitude: Armour and Shields.
 Z - the cursed scarf "Revealing Regret" (worn) {rC+ rF+, Self, Melee}
   (You found it on level 1 of the Swamp)

   It has a curse which improves the following skills: Introspection: Fighting
   and Spellcasting.
   Melee Combat: Short Blades, Long Blades, Axes, Maces & Flails, Polearms,
   Staves and Unarmed Combat.
Jewellery
 p - the cursed amulet "Thunder Perfect Mind" (around neck) {Regen+, Evo, Self}
   (You bought it in a shop on level 4 of the Vaults)

   [amulet of regeneration]

   Regen:     It increases your rate of health regeneration.
   It has a curse which improves the following skills: Evocations: Evocations.
   Introspection: Fighting and Spellcasting.
 B - a ring of resist corrosion
 P - the ring of Patience {rN+ Dex+3}
   (You found it in a Gauntlet)

   [ring of positive energy]

   Dex:       It affects your dexterity (+3).
   rN:        It protects you from negative energy.
 U - the cursed ring of the Unyielding Gaze (right hand) {AC+4, Self, Evo}
   (You found it on level 4 of the Lair of Beasts)

   [ring of protection]

   AC:        It affects your AC (+4).
   It has a curse which improves the following skills: Introspection: Fighting
   and Spellcasting.
   Evocations: Evocations.
 W - the ring of the Vendetta {rF+ rC+}
   (You found it on level 5 of the Pits of Slime)

   [ring of protection from cold]

   rF:        It protects you from fire.
   rC:        It protects you from cold.
 Y - the cursed ring "Anarchy of Ashenzari" (left hand) {AC+4, Fort, Self}
   (You took it off an orc warrior on level 2 of the Orcish Mines)

   [ring of protection]

   AC:        It affects your AC (+4).
   It has a curse which improves the following skills: Fortitude: Armour and
   Shields.
   Introspection: Fighting and Spellcasting.
Wands
 f - a wand of paralysis (36)
 h - a wand of mindburst (16)
 A - a wand of digging (23)
 C - a wand of iceblast (21)
 K - a wand of quicksilver (19)
 S - a wand of flame (73)
Scrolls
 a - a scroll of acquirement
 b - 9 scrolls of poison
 d - 9 scrolls of immolation
 e - 7 scrolls of vulnerability
 i - 25 scrolls of teleportation
 n - 2 scrolls of summoning
 w - 9 scrolls of fog
 x - 4 scrolls of brand weapon
 D - 18 scrolls of fear
 E - 13 scrolls of enchant weapon
 F - 5 scrolls of silence
 I - 11 scrolls of blinking
 R - 8 scrolls of magic mapping
Potions
 c - 11 potions of attraction
 j - 4 potions of resistance
 k - 4 potions of invisibility
 l - 6 potions of lignification
 m - 11 potions of brilliance
 o - 7 potions of heal wounds
 q - 8 potions of might
 t - 14 potions of curing
 u - 4 potions of cancellation
 z - 5 potions of haste
 N - 10 potions of mutation
 O - 4 potions of ambrosia
Miscellaneous
 s - a tin of tremorstones (2/2)
 L - a box of beasts
 Q - a condenser vane
 T - a phantom mirror
 V - a phial of floods


   Skills:
 - Level 18.9(27) Fighting
 - Level 11.4(14.0) Long Blades
 - Level 11.1(16.2) Armour
 - Level 22.3(27) Dodging
 + Level 18.5(23.3) Stealth
 + Level 19.7(24.5) Shields
 - Level 18.7(27) Spellcasting
 - Level 16.9(23.0) Evocations


You had one spell level left.
You knew the following spells:

 Your Spells              Type           Power      Damage    Failure   Level
a - Sting                 Tmut/Pois      100%       1d8       0%          1
b - Poisonous Vapours     Pois/Air       100%       N/A       0%          2
c - Mephitic Cloud        Conj/Pois/Air  100%       N/A       0%          3
d - Olgreb's Toxic Radia  Pois           100%       N/A       0%          4
e - Foxfire               Conj/Fire      100%       2x1d9     0%          1
f - Scorch                Fire           100%       2d10      0%          2
g - Ensorcelled Hibernat  Hex/Ice        100%       N/A       0%          2
h - Inner Flame           Hex/Fire       100%       N/A       0%          3
i - Summon Ice Beast      Ice/Summ       100%       N/A       0%          4
j - Fireball              Conj/Fire      64%        3d24      0%          5
k - Death Channel         Necr           64%        N/A       0%          6
l - Malign Gateway        Summ/Tloc      64%        N/A       0%          7
m - Summon Hydra          Summ           64%        N/A       0%          7
n - Summon Horrible Thin  Summ           64%        N/A       1%          8
o - Enfeeble              Hex            64%        N/A       0%          7
p - Infestation           Necr           64%        N/A       1%          8
q - Shatter               Erth           64%        3d48*     1%          9
Your spell library was empty.

Dungeon Overview and Level Annotations

Branches:
Dungeon (15/15)            Temple (1/1) D:4            Lair (5/5) D:9
  Swamp (4/4) Lair:2        Snake (4/4) Lair:3        Slime (5/5) Lair:5
    Orc (2/2) D:9             Elf (3/3) Orc:2        Vaults (5/5) D:13
  Crypt (0/3) Vaults:3     Depths (4/4) D:15            Zot (5/5) Depths:4
  IceCv (visited)          WizLab (visited)         Gauntlet (visited)

Altars:
Ashenzari
Cheibriados
Dithmenos
Elyvilon
Fedhas
Gozag
Hepliaklqana
Makhleb
Nemelex Xobeh
Okawaru
Qazlal
Ru
Trog
Uskayaw
Wu Jian
Xom
Yredelemnul
Zin
The Shining One
Jiyva
Lugonu

Shops:
D:8 (*   D:9 [(   Orc:2 (!([   Elf:2 (   Elf:3 *   Snake:1 *[   Vaults:2 ?
Vaults:4 *?(=[   Depths:3 *

Portals:
Hell: Depths:1 Depths:2 Depths:3 Depths:4
Abyss: Depths:1 Depths:3
Pandemonium: Depths:2
Ziggurat: Depths:1

Annotations:
D:5 exclusion: downstairs
D:10 Erolcha
Lair:4 exclusion: downstairs
Elf:2 3 runed translucent doors
Depths:2 3 runed translucent doors, mampy3000's ghost, adept MiBe
Zot:1 exclusion: downstairs
Zot:2 1 runed translucent door, Akugygoc's ghost, legendary MiFi


Innate Abilities, Weirdness & Mutations

You are immune to sickness and miasma.
You are immune to poison.
Your flesh is very heat resistant. (rF++)
You are vulnerable to cold. (rC-)
You float through the air rather than walking.
You learn spells naturally, not from books.
Your magical power is your life essence.
You have superior vitality. (+4 MHP)
Your mind is acute. (Int +4, Str/Dex -1)
You are clumsy. (Dex -2)


Message History

This square is covered in magical glow.
The dungeon rumbles!
A door shatters!
You destroy the small abomination!
You kill the rust devil!
Ka-crash!
(D) Dungeon (T) Temple (L) Lair (S) Swamp (P) Snake Pit (M) Slime Pits (O) Orcish Mines (E) Elven Halls (V) Vaults (C) Crypt (U) Depths (H) Hell (Z) Zot
Where to? (Enter - D:1 @ (x,y), ? - help) HP restored.
There is an open door here.
There is a stone staircase leading up here.
You fly upwards.
There is a stone staircase leading down here.
There is a stone staircase leading up here.
You fly upwards.
Level annotation: exclusion: downstairs
There is a stone staircase leading down here.
There is an open door here.
You see here a +0 leather armour.
There is an open door here.
There is a stone staircase leading up here.
You fly upwards.
There is a stone staircase leading down here.
There is a stone staircase leading down here.
There is a stone staircase leading up here.
You fly upwards.
There is a stone staircase leading down here.
There is a stone staircase leading up here.
You fly upwards.
There is a stone staircase leading down here.
There is a stone staircase leading up here.
You fly upwards.
There is a stone staircase leading down here.
There is an open door here.
There is an open door here.
There is an open door here.
There is a staircase leading out of the dungeon here.
You have escaped!

##.###..#####≈≈≈≈≈≈≈#####..##
...##.### #≈≈≈.....≈≈≈# ###.## ##
####.## #...........# ##.# #.
####.# ######'###### #.# #.
>.##.##### ###8'8#8### #####.###.
###.##≈..###.........###...##.##.
..#.#≈≈..##...........##....#.##.
###.#≈...##............#....#.#..
#.'≈(..+8..[..@...........'.##.
#.#§...#+............#.[..#.#.#
###.#≈≈..##...........##....#.#..
..#.##§..###.........###...##.#..
###.###### ####8+8#### #####.####
##.# ######+###### #.# #.##
#.......§...# ##.# ##.###
#≈≈≈..(..≈≈≈# ###.##
######..#####≈≈≈≈≈≈§#####..###


There were no monsters in sight!

Vanquished Creatures
  the Royal Jelly (Slime:5)
  A dread lich (Zot:5)
  3 ancient liches (Zot:5)
  2 orbs of fire (Zot:5)
  Parghit (Zot:2)
  4 Killer Klowns
  A pandemonium lord (D:7)
  4 curse toes
  4 golden dragons
  2 bone dragons (Zot:4)
  An electric golem (Zot:5)
  Jorgrun (Swamp:3)
  Rupert (D:12)
  11 tentacled monstrosities
  A lich (D:7)
  2 titans (Vaults:5)
  19 Orb Guardians
  3 deep elf master archers (Elf:3)
  A deep elf blademaster (Elf:3)
  13 acid blobs
  14 death cobs
  An Executioner (Zot:3)
  Gastronok (D:11)
  An ancient champion (WizLab)
  3 tengu reavers
  A sphinx (Vaults:5)
  Kirke (D:12)
  7 storm dragons
  6 shadow dragons
  3 revenants (WizLab)
  4 nagarajas
  6 draconian monks
  A rockslime (Slime:5)
  A frost giant (Vaults:5)
  10 deep elf sorcerers
  2 ghost moths (Zot:5)
  3 draconian knights (Zot:2)
  7 azure jellies
  3 draconian scorchers
  Louise (Swamp:3)
  An iron dragon (Zot:1)
  A balrug (D:12)
  6 deep elf elementalists (Elf:3)
  6 vault wardens
  3 orc warlords
  A draconian shifter (Zot:2)
  3 very ugly things
  5 draconian stormcallers
  6 ironbound preservers
  2 demonspawn blood saints (D:12)
  16 quicksilver oozes
  2 draconian annihilators (Zot:2)
  A quicksilver ooze (shapeshifter) (Vaults:5)
  15 green draconians
  Azrael (D:14)
  3 ironbound thunderhulks
  2 stone giants (Depths:3)
  4 halazid warlocks (WizLab)
  2 bunyips
  9 dire elephants
  6 deep elf demonologists
  3 yellow draconians
  8 deep elf annihilators
  6 eleionomae
  A lorocyproca (D:13)
  6 black draconians
  6 purple draconians
  A minotaur (Gauntlet)
  Snorg (D:10)
  3 red draconians
  5 deep elf death magi
  An eidolon (WizLab)
  9 white draconians
  A blizzard demon (D:15)
  101 slime creatures
  2 ettins
  A green death (Zot:4)
  3 deep elf high priests (Elf:3)
  5 yaktaur captains (Vaults:4)
  An entropy weaver (Vaults:1)
  A merfolk javelineer (Depths:1)
  3 jiangshi (WizLab)
  8 great orbs of eyes
  3 ice dragons
  A shambling mangrove (Swamp:2)
  Josephine (Orc:2)
  2 rakshasas
  23 vault guards
  2 salamander tyrants
  An ironbound frostheart (Vaults:3)
  4 catoblepae
  A peacekeeper (Vaults:2)
  8 centaur warriors
  7 ghost crabs
  7 hydras
  7 boulder beetles
  5 anacondas
  20 two-headed ogres
  6 ogre magi
  2 death knights (Vaults:3)
  8 alligators
  6 naga warriors
  3 tengu warriors
  9 death yaks
  An orc high priest (Elf:1)
  A deep troll earth mage (Vaults:5)
  A vampire mage (Depths:1)
  2 hell hogs (Depths:1)
  4 shock serpents
  8 naga sharpshooters
  6 hell knights (Depths:1)
  The ghost of wormed the Transmogrifier, a novice OpTm of Gozag (D:9)
  9 deep elf knights
  5 soul eaters
  A skeletal warrior (WizLab)
  A salamander mystic (Snake:1)
  A sixfirhy (Depths:2)
  5 goliath frogs
  2 shadow wraiths
  20 deep trolls
  2 swamp dragons
  3 naga ritualists
  6 deep elf archers
  3 spriggan druids
  3 spectral hydras (Swamp:4)
  4 glowing orange brains
  5 bog bodies
  11 ironbound convokers
  4 phantasmal warriors
  3 lindwurms (Vaults:1)
  An orange crystal statue (IceCv)
  3 necromancers
  3 wizards
  24 deep elf zephyrmancers
  17 deep elf pyromancers
  7 mana vipers
  An orc sorcerer (Elf:1)
  A mana viper (shapeshifter) (Elf:3)
  3 shining eyes
  5 manticores
  19 ugly things
  A wolf spider (Lair:5)
  3 will-o-the-wisps
  9 orc knights
  A salamander (Snake:2)
  3 cyclopes
  3 elephants (Lair:3)
  A rust devil (D:7)
  2 ice statues (D:15)
  A guardian serpent (shapeshifter) (D:14)
  16 moths of wrath
  2 water nymphs (Swamp:4)
  A guardian serpent (Snake:3)
  23 black mambas
  15 vault sentinels
  A gargoyle (D:12)
  2 torpor snails
  11 naga magi
  An orange demon (Zot:4)
  A cane toad (shapeshifter) (Elf:2)
  16 cane toads
  An eye of devastation (Slime:4)
  2 swamp worm zombies (Swamp:4)
  2 unseen horrors (D:12)
  4 rime drakes
  9 komodo dragons
  31 yaktaurs
  5 kobold demonologists
  2 tengu conjurers
  A yaktaur (shapeshifter) (D:13)
  An ice devil (Depths:2)
  11 trolls
  3 hydra zombies (Swamp:4)
  4 polar bears
  5 bloated husks
  10 tyrant leeches
  A polar bear (shapeshifter) (D:13)
  A tarantella (Vaults:1)
  21 blink frogs
  9 hornets
  3 spectral swamp dragons (Swamp:4)
  5 alligator zombies (Swamp:4)
  A dream sheep (Lair:5)
  A centaur simulacrum (D:15)
  12 flying skulls (WizLab)
  6 wraiths
  7 water elementals
  3 air elementals
  7 spriggans
  3 hogs (D:12)
  An ettin skeleton (Vaults:2)
  A spectral komodo dragon (Lair:2)
  A small abomination (D:7)
  11 humans
  7 wyverns
  72 yaks
  2 golden eyes (Slime:4)
  4 basilisks
  3 fire elementals (D:14)
  A redback (Vaults:1)
  2 steam dragons
  12 vampire mosquitoes
  10 wargs
  4 large abominations (Zot:4)
  40 nagas
  15 swamp worms
  15 water moccasins
  4 acid dragons
  A spectral yak (Lair:2)
  4 swamp dragon zombies (Swamp:4)
  5 hell hounds (D:14)
  2 black bears
  28 orc warriors
  A sky beast (D:8)
  A black bear (shapeshifter) (Elf:1)
  6 great orb of eyes simulacra (IceCv)
  30 ogres
  A boggart (Elf:1)
  7 wolves (Lair:5)
  10 centaurs
  6 slime creature simulacra (IceCv)
  A spectral basilisk (Lair:2)
  8 phantoms (Swamp:4)
  3 kobold brigands
  12 bullfrogs
  6 scorpions
  3 glowing shapeshifter simulacra (IceCv)
  11 wights
  9 killer bees
  5 howler monkeys
  5 electric eels
  4 hounds
  3 jellies
  15 orc priests
  A gnoll bouda (D:7)
  6 iguanas
  Jessica (D:3)
  A scorpion zombie (D:3)
  21 orc wizards
  4 hell rats (Lair:3)
  A spectral swamp drake (Swamp:4)
  A statue (D:5)
  A hound zombie (D:3)
  9 gnolls
  A swamp drake zombie (Swamp:4)
  9 adders
  A white imp (D:5)
  2 adder zombies (D:3)
  A worm (D:2)
  75 orcs
  4 bats
  9 endoplasms
  3 giant cockroaches
  9 goblins
  8 hobgoblins
  3 jackals
  12 kobolds
  3 quokkas
  5 ball pythons
  5 frilled lizards
  7 rats
  A bush (Lair:5)
1625 creatures vanquished.

Vanquished Creatures (collateral kills)
  An ancient lich (Vaults:5)
  5 orbs of fire
  Boris (twice) (Vaults:3 Vaults:5)
  A Killer Klown (Zot:5)
  Saint Roka (Depths:2)
  A curse toe (Zot:1)
  8 golden dragons
  2 bone dragons
  An electric golem (Zot:5)
  3 tentacled monstrosities
  2 titans (Vaults:5)
  A lich (Depths:2)
  9 Orb Guardians (Zot:5)
  2 quicksilver dragons
  8 acid blobs
  A deep elf blademaster (Elf:3)
  An eldritch tentacle (Vaults:4)
  6 shadow dragons
  A sphinx (Vaults:5)
  A death cob (Zot:1)
  4 storm dragons
  8 tengu reavers
  4 nagarajas
  A daeva (D:8)
  14 rockslimes
  Roxanne (D:15)
  3 draconian monks (Zot:1)
  3 iron dragons
  4 frost giants
  9 fire giants
  2 caustic shrike zombies (WizLab)
  3 draconian scorchers
  8 vault wardens
  A balrug (Depths:4)
  A draconian shifter (Zot:1)
  16 slime creatures
  3 draconian stormcallers
  11 ironbound preservers
  2 deep elf elementalists (Elf:3)
  12 very ugly things
  A caustic shrike skeleton (Depths:1)
  3 war gargoyles
  A quicksilver ooze (Slime:3)
  4 draconian annihilators
  2 ironbound thunderhulks (Vaults:3)
  13 stone giants
  A purple draconian (Zot:5)
  2 vampire knights
  2 white draconians
  A deep elf demonologist (Elf:3)
  3 black draconians
  3 deep elf annihilators
  3 yellow draconians
  8 red draconians
  16 dire elephants
  5 spark wasps (Depths:1)
  6 ettins
  3 deep elf death magi
  A merfolk impaler (Depths:1)
  3 quicksilver dragon zombies (WizLab)
  A green death (Depths:2)
  3 spectral quicksilver dragons (WizLab)
  7 fire dragons
  6 yaktaur captains
  2 deep elf high priests (Vaults:5)
  5 ice dragons
  8 vault guards
  3 great orbs of eyes
  A hydra (D:15)
  A salamander tyrant (Snake:4)
  3 spriggan air magi
  2 peacekeepers
  5 rakshasas
  An ogre mage (Vaults:5)
  4 anacondas
  5 centaur warriors (Vaults:3)
  13 dancing weapons
  2 ironbound frosthearts (Vaults:3)
  A two-headed ogre (Orc:1)
  6 naga warriors
  2 deep troll earth magi (Depths:1)
  A death yak (Lair:5)
  8 tengu warriors
  A naga sharpshooter (Snake:4)
  2 titan zombies (WizLab)
  5 spriggan berserkers
  3 sun demons
  7 hell knights
  2 soul eaters (Depths:1)
  2 shock serpents (Snake:4)
  5 deep elf knights
  A sixfirhy (Depths:2)
  A titan skeleton (Depths:1)
  2 iron trolls
  3 fire crabs (shapeshifter)
  A spriggan rider (Depths:3)
  30 deep trolls
  3 salamander mystics
  2 deep elf archers
  5 ironbound convokers
  A tengu zombie (Vaults:2)
  A deep troll (shapeshifter) (Vaults:5)
  4 wizards
  3 deep elf zephyrmancers
  4 naga ritualists
  A shadow dragon zombie (Depths:1)
  5 deep elf pyromancers
  11 phantasmal warriors
  A wolf spider (shapeshifter) (Vaults:5)
  7 necromancers
  A stone giant zombie (Depths:1)
  7 mana vipers
  A frost giant zombie (Depths:1)
  18 ugly things
  3 shining eyes
  19 salamanders
  A spectral spriggan (WizLab)
  An orc sorcerer (Depths:2)
  6 moths of wrath
  A human skeleton (Vaults:2)
  5 smoke demons
  14 naga magi
  6 vault sentinels
  11 black mambas
  A cane toad (Lair:1)
  A fire giant skeleton (Depths:1)
  16 yaktaurs
  A freezing wraith (Vaults:5)
  An efreet (D:14)
  A harpy zombie (WizLab)
  A spriggan skeleton (Depths:1)
  2 tengu conjurers
  A red devil (Depths:2)
  A spark wasp simulacrum (Depths:1)
  2 trolls (Depths:2)
  A spriggan zombie (WizLab)
  An ettin zombie (Depths:1)
  3 flying skulls (WizLab)
  2 air elementals (Elf:2)
  5 yaks
  6 water elementals
  3 fire bats (Depths:1)
  3 fire elementals
  A warg (Elf:1)
  31 nagas
  A glowing shapeshifter zombie (Depths:1)
  A swamp worm (shapeshifter) (Depths:2)
  5 orc warriors (Depths:2)
  An ogre (Orc:1)
  A bullfrog (Lair:1)
  An earth elemental (Elf:2)
  An orc priest (Depths:2)
  A hound (shapeshifter) (Vaults:5)
  6 orcs (Depths:2)
  2 foxfires (D:8)
649 creatures vanquished.

Vanquished Creatures (others)
  68 eldritch tentacles
  A draconian shifter (Zot:1)
  A deep troll (Vaults:2)
  A will-o-the-wisp (Swamp:2)
  A moth of wrath (Zot:5)
  A yaktaur (Vaults:4)
  3 bloated husks
  2 humans (D:13)
  A bush (D:9)
  711 foxfires
  28 fungi
  85 plants
903 creatures vanquished.

Grand Total: 3177 creatures vanquished

Notes
Turn   | Place    | Note
-------+----------+-------------------------------------------
     0 | D:1      | ragingrage the Djinni Venom Mage began the quest for the
                  | Orb.
     0 | D:1      | ragingrage set off with the following spells memorised:
                  | Sting, Poisonous Vapours, Mephitic Cloud, Olgreb's Toxic
                  | Radiance.
     0 | D:1      | Reached XP level 1. HP: 15/15 MP: 0/0
   203 | D:1      | Found a faded altar of an unknown god.
   209 | D:1      | Reached skill level 1 in Fighting
   209 | D:1      | Reached XP level 2. HP: 20/22 MP: 0/0
   688 | D:1      | Reached XP level 3. HP: 26/27 MP: 0/0
   688 | D:1      | Learned a level 1 spell: Foxfire
  1842 | D:3      | Noticed Jessica
  1847 | D:3      | Killed Jessica
  1848 | D:3      | Reached XP level 4. HP: 29/34 MP: 0/0
  1943 | D:3      | Found a stormy altar of Qazlal.
  2167 | D:3      | Found a shimmering altar of Xom.
  2246 | D:3      | Reached XP level 5. HP: 36/40 MP: 0/0
  2246 | D:3      | Learned a level 2 spell: Scorch
  2291 | D:3      | Found a basalt altar of Yredelemnul.
  2699 | D:3      | Found an ornate altar of the Wu Jian Council.
  2747 | D:4      | Found a staircase to the Ecumenical Temple.
  2769 | Temple   | Entered the Ecumenical Temple
  3024 | D:4      | Reached XP level 6. HP: 44/46 MP: 0/0
  3033 | D:4      | Noticed an ogre
  3033 | D:4      | Noticed an ogre
  3083 | D:4      | Killed an ogre
  3210 | D:4      | Reached XP level 7. HP: 50/53 MP: 0/0
  3210 | D:4      | Learned a level 2 spell: Ensorcelled Hibernation
  3456 | D:4      | Reached skill level 5 in Fighting
  3868 | D:5      | Entered Level 5 of the Dungeon
  3885 | D:5      | Found a broken altar of Ashenzari.
  3896 | D:5      | Became a worshipper of Ashenzari the Shackled
  3900 | D:5      | Reached skill level 5 in Spellcasting
  4042 | D:5      | Reached XP level 8. HP: 54/61 MP: 0/0
  4584 | D:5      | Found the +3 pair of mountain boots {steadfast, rC+}
  5492 | D:6      | Reached XP level 9. HP: 64/69 MP: 0/0
  5492 | D:6      | Learned a level 3 spell: Inner Flame
  5707 | D:6      | Found a bloodstained altar of Trog.
  5925 | D:6      | You are sucked into a shaft and drop 1 floor!
  5925 | D:7      | Found a shadowy altar of Dithmenos.
  5968 | D:7      | Reached * piety under Ashenzari
  6282 | D:7      | Reached skill level 3 in Dodging
  6825 | D:7      | Found a sparkling altar of Nemelex Xobeh.
  7111 | D:7      | Reached skill level 1 in Shields
  7206 | D:7      | Reached skill level 4 in Dodging
  7206 | D:7      | Reached XP level 10. HP: 24/78 MP: 0/0
  7843 | D:6      | Identified the +1 ring mail of Darkness {rElec Dex+3}
  8057 | D:8      | Found Vidonen's Hydra Hut.
  8062 | D:8      | Noticed a five-headed hydra
  8065 | D:8      | Found Gozag's Platinum Reserve.
  8074 | D:8      | Found an opulent altar of Gozag.
  8606 | D:8      | Reached ** piety under Ashenzari
  8608 | D:8      | Found a white marble altar of Elyvilon.
  8621 | D:8      | Noticed a two-headed ogre
  8636 | D:8      | Killed a two-headed ogre
  8637 | D:8      | Reached skill level 5 in Dodging
  9183 | D:9      | Found Guolaneb's Armour Boutique.
  9183 | D:9      | Found a staircase to the Orcish Mines.
  9307 | D:9      | Noticed wormed's ghost (novice OpTm)
  9452 | D:9      | Noticed a kobold demonologist
  9690 | D:9      | Found a runed translucent door.
  9727 | D:9      | Reached skill level 1 in Evocations
  9990 | D:9      | Noticed a two-headed ogre
  9996 | D:9      | Reached XP level 11. HP: 77/87 MP: 0/0
  9996 | D:9      | Learned a level 4 spell: Summon Ice Beast
 10359 | D:9      | Killed a two-headed ogre
 10477 | D:9      | Found Zuirchire's Weapon Boutique.
 10563 | D:9      | Bought a +2 troll leather armour for 324 gold pieces
 10600 | D:9      | Found a staircase to the Lair.
 11128 | D:10     | Entered Level 10 of the Dungeon
 11262 | D:10     | Found a blossoming altar of Fedhas.
 11262 | D:10     | Noticed a two-headed ogre
 11272 | D:10     | Killed a two-headed ogre
 11273 | D:10     | Reached skill level 10 in Spellcasting
 11400 | D:10     | Noticed Erolcha
 11433 | D:10     | Found a glowing golden altar of the Shining One.
 11488 | D:10     | Noticed a two-headed ogre
 11500 | D:10     | Killed a two-headed ogre
 11558 | D:10     | Noticed Snorg
 11566 | D:10     | Killed Snorg
 11567 | D:10     | Reached XP level 12. HP: 82/91 MP: 0/0
 12233 | Lair:1   | Entered Level 1 of the Lair of Beasts
 12446 | Lair:1   | Found a gate leading to a gauntlet.
 12470 | Gauntlet | Entered a Gauntlet
 12470 | Gauntlet | Noticed a tengu warrior
 12470 | Gauntlet | Noticed a death scarab
 12470 | Gauntlet | Identified the ring of Amulur {Wiz Fly Str+3 Int+2}
 12470 | Gauntlet | Found a transporter.
 12470 | Gauntlet | Found a transporter.
 12470 | Gauntlet | Found a transporter.
 12492 | Gauntlet | Found a transporter.
 12498 | Gauntlet | Noticed a soul eater
 12508 | Gauntlet | Found a transporter.
 12517 | Gauntlet | Found a transporter.
 12519 | Gauntlet | Found a large runed translucent door.
 12520 | Gauntlet | Found a large runed translucent door.
 12521 | Gauntlet | Found a large runed translucent door.
 12521 | Gauntlet | Found a large runed translucent door.
 12521 | Gauntlet | Found a runed translucent door.
 12521 | Gauntlet | Found a runed translucent door.
 12522 | Gauntlet | Found a large runed translucent door.
 12523 | Gauntlet | Found a large runed translucent door.
 12524 | Gauntlet | Found a large runed translucent door.
 12524 | Gauntlet | Found a large runed translucent door.
 12525 | Gauntlet | Found a runed translucent gate.
 12525 | Gauntlet | Found a runed translucent gate.
 12525 | Gauntlet | Found a runed translucent gate.
 12527 | Gauntlet | Found a transporter.
 12536 | Gauntlet | Found a large runed translucent door.
 12536 | Gauntlet | Found a large runed translucent door.
 12537 | Gauntlet | Found a large runed translucent door.
 12538 | Gauntlet | Found a large runed translucent door.
 12542 | Gauntlet | Found a transporter.
 12544 | Gauntlet | Noticed a sixfirhy
 12548 | Gauntlet | Found a transporter.
 12562 | Gauntlet | Found a transporter.
 12582 | Gauntlet | Found a transporter.
 12586 | Gauntlet | Found a transporter.
 12593 | Gauntlet | Noticed a death scarab
 12634 | Gauntlet | Found a large runed translucent door.
 12635 | Gauntlet | Found a large runed translucent door.
 12636 | Gauntlet | Found a large runed translucent door.
 12636 | Gauntlet | Found a large runed translucent door.
 12756 | Gauntlet | Identified the +7 morningstar of Pandemonium {flame, rF++
                  | MP+9 Str+3 Dex-4}
 12756 | Gauntlet | Noticed a minotaur
 12767 | Gauntlet | Identified the ring of Patience {rN+ Dex+3}
 12772 | Gauntlet | Killed a minotaur
 13013 | Lair:1   | Noticed a death yak
 13018 | Lair:1   | Noticed a death yak
 13022 | Lair:1   | Killed a death yak
 13023 | Lair:1   | Reached XP level 13. HP: 81/99 MP: 0/0
 13023 | Lair:1   | Learned a level 5 spell: Fireball
 13691 | Lair:2   | Reached skill level 10 in Fighting
 13755 | Lair:2   | Reached skill level 1 in Armour
 13910 | Lair:2   | Reached skill level 5 in Shields
 14016 | Lair:2   | Noticed a ghost crab
 14097 | Lair:2   | Noticed a ghost crab
 14099 | Lair:2   | Killed a ghost crab
 14101 | Lair:2   | Killed a ghost crab
 14148 | Lair:2   | Found a staircase to the Swamp.
 14316 | Lair:2   | Noticed an ice dragon
 14321 | Lair:2   | Killed an ice dragon
 14672 | Lair:3   | Reached *** piety under Ashenzari
 15036 | Lair:3   | Noticed a catoblepas
 15041 | Lair:3   | Killed a catoblepas
 15117 | Lair:3   | Found a staircase to the Snake Pit.
 15161 | Lair:3   | Reached skill level 6 in Dodging
 15650 | Lair:4   | Reached XP level 14. HP: 100/112 MP: 0/0
 15840 | Lair:4   | Reached **** piety under Ashenzari
 16648 | Lair:5   | Entered Level 5 of the Lair of Beasts
 16998 | Lair:5   | Reached skill level 7 in Dodging
 17003 | Lair:5   | Reached skill level 5 in Stealth
 17482 | Lair:5   | Found a viscous altar of Jiyva.
 17499 | Lair:5   | Found a staircase to the Slime Pits.
 18194 | Lair:5   | Reached XP level 15. HP: 119/126 MP: 0/0
 18194 | Lair:5   | Learned a level 6 spell: Death Channel
 18629 | Orc:1    | Entered Level 1 of the Orcish Mines
 18802 | Orc:2    | Entered Level 2 of the Orcish Mines
 19265 | Orc:2    | Noticed an orc warlord
 19280 | Orc:2    | Killed an orc warlord
 19290 | Orc:2    | Reached skill level 5 in Evocations
 19342 | Orc:2    | Noticed an orc warlord
 19378 | Orc:2    | Killed an orc warlord
 19383 | Orc:2    | Reached skill level 5 in Armour
 19484 | Orc:2    | Reached skill level 8 in Dodging
 19487 | Orc:2    | Identified the +5 flail "ragingrage's Peril" {protect,
                  | *Noise rN+ Int+3 Dex+7}
 19590 | Orc:2    | Noticed Josephine
 19594 | Orc:2    | Killed Josephine
 19881 | Orc:2    | Found a staircase to the Elven Halls.
 19976 | Orc:2    | Found Ruvam's Armour Shop.
 19976 | Orc:2    | Found Pennen's Distillery.
 19976 | Orc:2    | Found Soirph's Weapon Emporium.
 19976 | Orc:2    | Found Pizeosa's Weapon Boutique.
 19986 | Orc:2    | Bought a potion of cancellation for 104 gold pieces
 20018 | Orc:2    | Paralysed by an ogre mage for 3 turns
 20228 | Orc:2    | Identified the Parchment of the Sun and the Wayfarer
 20416 | D:9      | Killed wormed's ghost
 20417 | D:9      | Reached XP level 16. HP: 126/134 MP: 0/0
 20646 | D:11     | Reached ***** piety under Ashenzari
 21507 | D:11     | Noticed Gastronok
 21516 | D:11     | Killed Gastronok
 21517 | D:11     | Reached skill level 9 in Dodging
 22190 | D:12     | Noticed Kirke
 22205 | D:12     | Killed Kirke
 22581 | D:12     | Noticed Rupert
 22592 | D:12     | Killed Rupert
 23802 | D:13     | Reached skill level 10 in Dodging
 24055 | D:13     | Reached skill level 15 in Spellcasting
 24077 | D:13     | Found a gate to the Vaults.
 24345 | D:14     | Identified the +1 scale mail "Atosu" {Stlth+}
 25112 | Swamp:1  | Entered Level 1 of the Swamp
 25133 | Swamp:1  | Reached XP level 17. HP: 113/148 MP: 0/0
 25133 | Swamp:1  | Learned a level 7 spell: Malign Gateway
 26247 | Swamp:2  | Reached skill level 11 in Dodging
 26475 | Swamp:2  | Reached skill level 10 in Shields
 26983 | Swamp:3  | Noticed Jorgrun
 26988 | Swamp:3  | Killed Jorgrun
 26989 | Swamp:3  | Noticed Louise
 26994 | Swamp:3  | Killed Louise
 27315 | Swamp:4  | Entered Level 4 of the Swamp
 27842 | Swamp:4  | Reached skill level 12 in Dodging
 27845 | Swamp:4  | Noticed a bone dragon
 27855 | Swamp:4  | Killed a bone dragon
 27989 | Swamp:4  | Reached skill level 15 in Fighting
 28095 | Swamp:4  | Reached XP level 18. HP: 138/157 MP: 0/0
 28327 | Swamp:4  | Got a decaying rune of Zot
 28591 | Snake:1  | Entered Level 1 of the Snake Pit
 28869 | Snake:1  | Found Yraogel's General Store.
 28874 | Snake:1  | Found Taqygg's Armour Boutique.
 28878 | Snake:1  | Bought a scroll of fear for 68 gold pieces
 29615 | Snake:2  | Found a shimmering altar of Xom.
 29880 | Snake:2  | Reached ****** piety under Ashenzari
 30584 | Snake:3  | Reached XP level 19. HP: 169/173 MP: 0/0
 30584 | Snake:3  | Learned a level 7 spell: Summon Hydra
 30982 | Snake:4  | Entered Level 4 of the Snake Pit
 31332 | Snake:4  | Reached skill level 13 in Dodging
 32152 | Snake:4  | Got a serpentine rune of Zot
 32553 | D:15     | Entered Level 15 of the Dungeon
 32612 | D:15     | Found a frozen archway.
 32634 | IceCv    | Entered an ice cave
 33371 | IceCv    | Found a viscous altar of Jiyva.
 33410 | IceCv    | Identified the Octavo of Algor
 33412 | IceCv    | Identified the +1 robe "Qaul Pos" {Int+2}
 33631 | D:15     | Identified Roxanne's Collected Works on Terrain
 33631 | D:15     | Noticed Roxanne
 34095 | D:15     | Found a staircase to the Depths.
 34346 | D:15     | Killed Roxanne
 34457 | Vaults:1 | Entered Level 1 of the Vaults
 34475 | Vaults:1 | Reached XP level 20. HP: 136/173 MP: 0/0
 34618 | Vaults:1 | Reached skill level 14 in Dodging
 34797 | Vaults:1 | Reached skill level 10 in Evocations
 36680 | Vaults:2 | Identified the +12 mace "Echapeop" {flame, rN+ Str+2}
 36949 | Vaults:2 | Found Vawimiso's Magic Scroll Shop.
 36958 | Vaults:2 | Bought a scroll of fog for 72 gold pieces
 36958 | Vaults:2 | Bought a scroll of fear for 72 gold pieces
 36958 | Vaults:2 | Bought a scroll of teleportation for 54 gold pieces
 36958 | Vaults:2 | Bought a scroll of teleportation for 54 gold pieces
 37313 | Snake:1  | Bought a tin of tremorstones (2/2) for 680 gold pieces
 37997 | Vaults:3 | Noticed Boris
 38009 | Vaults:3 | Killed Boris
 38061 | Vaults:3 | Reached skill level 15 in Dodging
 38066 | Vaults:3 | Reached XP level 21. HP: 154/183 MP: 0/0
 38066 | Vaults:3 | Learned a level 8 spell: Summon Horrible Things
 38692 | Vaults:3 | Found a staircase to the Crypt.
 39459 | Vaults:4 | Found Faytt's Antique Armour Emporium.
 39463 | Vaults:4 | Bought a sheer robe for 165 gold pieces
 39463 | Vaults:4 | Identified the +1 robe of Cuseadgh {Harm +Inv rPois Str+3}
                  | (You bought it in a shop on level 4 of the Vaults)
 39463 | Vaults:4 | Bought an opalescent robe for 165 gold pieces
 39463 | Vaults:4 | Identified the +2 robe of the Weaver {Harm *Corrode rPois
                  | rN+++} (You bought it in a shop on level 4 of the Vaults)
 39625 | Vaults:4 | Reached XP level 22. HP: 164/192 MP: 0/0
 39636 | Vaults:4 | Reached skill level 16 in Dodging
 39684 | Vaults:4 | Found Rulooxt's Magic Scroll Shop.
 39692 | Vaults:4 | Bought a scroll of fear for 56 gold pieces
 39928 | Vaults:4 | Reached skill level 15 in Shields
 39979 | Vaults:4 | Found Plog's Weapon Shoppe.
 39994 | Vaults:4 | Found Liplycs's Jewellery Boutique.
 40004 | Vaults:4 | Bought an amulet of regeneration for 450 gold pieces
 40479 | Vaults:4 | Found Fafium's General Store.
 40523 | Vaults:4 | Bought a +2 helmet of intelligence for 408 gold pieces
 40631 | Vaults:5 | Entered Level 5 of the Vaults
 41013 | Elf:1    | Entered Level 1 of the Elven Halls
 41018 | Elf:1    | Paralysed by an air elemental for 1 turns
 41882 | Elf:2    | Paralysed by an air elemental for 1 turns
 41930 | Elf:2    | Found a runed translucent gate.
 41930 | Elf:2    | Found a runed translucent gate.
 41946 | Elf:2    | Paralysed by an air elemental for 1 turns
 41971 | Elf:2    | Found a magical portal.
 41995 | WizLab   | Entered Borgnjor's Mausoleum
 42157 | WizLab   | Reached XP level 23. HP: 196/201 MP: 0/0
 42157 | WizLab   | Learned a level 7 spell: Enfeeble
 42573 | WizLab   | Identified the Handbook of the Modern Nights
 43060 | Elf:2    | Found Soiwikuruh's Weapon Emporium.
 43265 | Elf:2    | Found a runed translucent gate.
 43297 | Elf:3    | Entered Level 3 of the Elven Halls
 43474 | Elf:3    | Found Fiet's Neck Hole.
 43745 | Elf:3    | Reached skill level 1 in Long Blades
 44059 | Elf:3    | Reached skill level 17 in Dodging
 44195 | Elf:3    | Identified the +3 halberd "Zilusmu" {venom, rElec Int+2}
 44200 | Elf:3    | Identified the amulet of Loameah {Faith -Tele rPois rN+}
 44210 | Elf:3    | Identified the +0 halberd of Pyatuvoj {pain, Contam Str+4
                  | Int+5}
 44285 | Elf:3    | Identified Zycrakoi's Handbook of the Conjured Commander
 44286 | Elf:3    | Identified the +8 longbow of Compulsion {elec, rElec Str+5
                  | Int+5}
 44346 | Elf:3    | Identified the Spellbook of the Unstoppable Artisans
 44347 | Elf:3    | Identified Lugurefa's Collected Works on Moving Curses
 44349 | Elf:3    | Identified the +2 leather armour of Negation {Str+2}
 44594 | Elf:2    | Reached XP level 24. HP: 200/208 MP: 0/0
 44974 | Depths:1 | Entered Level 1 of the Depths
 45097 | Depths:1 | Found a gateway to Hell.
 45462 | Slime:1  | Entered Level 1 of the Pits of Slime
 46543 | Slime:5  | Entered Level 5 of the Pits of Slime
 46559 | Slime:5  | Reached skill level 5 in Long Blades
 46685 | Slime:2  | Gained mutation: Your mind is acute. (Int +4, Str/Dex -1)
                  | [a shining eye]
 47862 | Slime:5  | Gained mutation: You are clumsy. (Dex -2) [a shining eye]
 47868 | Slime:5  | Reached skill level 18 in Dodging
 47973 | Slime:5  | Noticed the Royal Jelly
 47982 | Slime:5  | Killed the Royal Jelly
 48139 | Slime:5  | Identified the +3 demon trident "Cokiusk" {freeze, rC-
                  | rCorr Str+4 Dex+3}
 48140 | Slime:5  | Identified the +6 dagger of Icuashod {heavy, rElec rN+
                  | Dex+3}
 48141 | Slime:5  | Identified the +7 arbalest of Agony {antimagic, rPois rC+
                  | Int-4 Stlth+}
 48141 | Slime:5  | Identified the +0 buckler "Ygryqofu" {rElec rC+ Will+
                  | Dex+4}
 48142 | Slime:5  | Identified the Compendium of the Petrified Blizzard
 48152 | Slime:5  | Paralysed by a great orb of eyes for 4 turns
 48175 | Slime:5  | Found the +7 Throatcutter {drain, coup de grace}
 48175 | Slime:5  | Identified the ring of the Vendetta {rF+ rC+}
 48175 | Slime:5  | Identified the Elucidation of Breath and Putrescence
 48175 | Slime:5  | Identified the +1 scale mail of the Charred God {Rampage
                  | Will++ Regen+ Dex-4}
 48186 | Slime:5  | Got a slimy rune of Zot
 48211 | Slime:5  | Identified the Spellbook of Metal and Ouranomancy
 48673 | Vaults:4 | Bought the +8 demon blade "Leech" {evervamp, Harm Drain
                  | rN+} for 1630 gold pieces
 48673 | Vaults:4 | Found the +8 demon blade "Leech" {evervamp, Harm Drain rN+}
 49160 | Depths:1 | Found a one-way gateway to a ziggurat.
 49167 | Depths:1 | Reached XP level 25. HP: 191/214 MP: 0/0
 49167 | Depths:1 | Learned a level 8 spell: Infestation
 49286 | Depths:1 | Reached skill level 10 in Stealth
 49310 | Depths:1 | Found a one-way gate to the infinite horrors of the Abyss.
 49743 | Depths:2 | Identified the +1 helmet "Yklaggaj" {MP+9}
 49780 | Depths:2 | Noticed Saint Roka
 49815 | Depths:2 | Killed Saint Roka
 49900 | Depths:2 | Identified the +0 leather armour "Parine Cinu" {rElec rC-
                  | Str+2 Int+6}
 49930 | Depths:2 | Found a runed translucent gate.
 49931 | Depths:2 | Found a runed translucent gate.
 49931 | Depths:2 | Found a runed translucent gate.
 49932 | Depths:2 | Noticed an ancient lich
 49932 | Depths:2 | Noticed mampy3000's ghost (adept MiBe)
 49932 | Depths:2 | Identified the ring "Qetoul" {Will+ SInv}
 49934 | Depths:2 | Noticed an ancient lich
 50244 | Depths:2 | Found a one-way gate leading to the halls of Pandemonium.
 50394 | Depths:2 | Reached skill level 10 in Long Blades
 50780 | Depths:3 | Found Kizen's Serpentskin Sales.
 51430 | Depths:4 | Entered Level 4 of the Depths
 51509 | Depths:4 | Reached skill level 19 in Dodging
 51578 | Depths:4 | Reached XP level 26. HP: 109/221 MP: 0/0
 51953 | Depths:4 | Reached skill level 10 in Armour
 51954 | Depths:4 | Found a gate to the Realm of Zot.
 52285 | Vaults:5 | Noticed Boris
 52428 | Vaults:5 | Identified the +7 whip "Worm" {venom, Int+3}
 52457 | Vaults:5 | Reached skill level 15 in Evocations
 52463 | Vaults:5 | Noticed an ancient lich
 52484 | Vaults:5 | Killed an ancient lich
 52539 | Vaults:5 | Identified a scroll of acquirement
 52550 | Vaults:5 | Acquired a manual of Fighting
 52649 | Vaults:5 | Got a silver rune of Zot
 52761 | Vaults:5 | Killed Boris
 52904 | Vaults:5 | Identified the Quarto of Evil Words
 53004 | Vaults:5 | Reached skill level 20 in Dodging
 53209 | Vaults:5 | Identified the +4 pair of gloves of Narcissism {Will+
                  | Dex+3}
 53465 | Vaults:5 | Identified the +5 halberd of the Desolation of Salt {speed,
                  | rElec rF+}
 53481 | Vaults:5 | Identified the +6 glaive of Joups {antimagic, +Blink rC+
                  | Str+3}
 53482 | Vaults:5 | Identified Buobi Laite's Octavo of Astrapomancy
 54065 | Zot:1    | Entered Level 1 of the Realm of Zot
 54177 | Zot:1    | Noticed a curse toe
 54190 | Zot:1    | Killed a curse toe
 54297 | Zot:1    | Reached XP level 27. HP: 94/228 MP: 0/0
 54297 | Zot:1    | Learned a level 9 spell: Shatter
 54513 | Zot:1    | Identified the +2 sling of Res Nullius {freeze, Drain rElec
                  | rF+++ Stlth+}
 55334 | Zot:2    | Noticed Parghit
 55824 | Zot:2    | Killed Parghit
 56151 | D:14     | Noticed Azrael
 56154 | D:14     | Killed Azrael
 56556 | Zot:2    | Identified the +1 chain mail of Piutar {Drain Will+ Dex+5
                  | SInv}
 56678 | Zot:2    | Found a runed translucent door.
 56727 | Zot:2    | Noticed Akugygoc's ghost (legendary MiFi)
 57046 | Zot:2    | Identified the Verses on the Spatial Coals
 57124 | Zot:3    | Noticed an orb of fire
 57179 | Zot:3    | Noticed a Killer Klown
 57182 | Zot:3    | Killed a Killer Klown
 57183 | Zot:3    | Reached skill level 21 in Dodging
 57460 | Zot:3    | Killed an orb of fire
 57838 | Zot:3    | Identified The Secrets of Greatest Risks and Utility
 58406 | Zot:4    | Noticed a Killer Klown
 58408 | Zot:4    | Killed a Killer Klown
 59300 | Zot:4    | Identified the ring of Iteusu {MP+9 Int+2 Slay+4}
 59493 | Zot:4    | Reached skill level 15 in Stealth
 59784 | Zot:4    | Identified the +4 long sword of Balance {elec, rF+}
 60279 | Zot:4    | Acquired a manual of Stealth
 60312 | Zot:5    | Entered Level 5 of the Realm of Zot
 60370 | Zot:5    | Noticed a Killer Klown
 60381 | Zot:5    | Killed a Killer Klown
 60561 | Zot:5    | Noticed an ancient lich
 60569 | Zot:5    | Killed an ancient lich
 60699 | Zot:5    | Noticed an orb of fire
 60709 | Zot:5    | Killed an orb of fire
 60901 | Zot:5    | Noticed an orb of fire
 60913 | Zot:5    | Killed an orb of fire
 61270 | Zot:5    | Noticed a Killer Klown
 61272 | Zot:5    | Killed a Killer Klown
 61298 | Zot:5    | Noticed an orb of fire
 61298 | Zot:5    | Noticed an orb of fire
 61306 | Zot:5    | Noticed a Killer Klown
 61321 | Zot:5    | Killed an orb of fire
 61322 | Zot:5    | Reached skill level 22 in Dodging
 61324 | Zot:5    | Killed an orb of fire
 61325 | Zot:5    | Killed a Killer Klown
 61566 | Zot:5    | Noticed an orb of fire
 61579 | Zot:5    | Killed an orb of fire
 61932 | Zot:5    | Noticed an ancient lich
 61934 | Zot:5    | Killed an ancient lich
 61970 | Zot:5    | Noticed a dread lich
 61971 | Zot:5    | Noticed an ancient lich
 61972 | Zot:5    | Killed a dread lich
 61975 | Zot:5    | Killed an ancient lich
 62045 | Zot:5    | Noticed an orb of fire
 62058 | Zot:5    | Killed an orb of fire
 62449 | Zot:5    | Got the Orb of Zot
 62874 | D:7      | Noticed Utousmukk the pandemonium lord
 62875 | D:7      | Killed Utousmukk the pandemonium lord
 63052 | D:$      | Escaped with the Orb!

Illustrated notes

Levels and vault maps discovered:
D:1:      dpeg_arrival_morbid_curiosity, layout_loops_ring,
          shapermc_ecumenical_altar_notcrosses
D:2:      layout_loops_ring, basic_altar
D:3:      layout_rooms, marbit_many_paths, nicolae_overflow_crystal_walls,
          general_overflow_altar, nicolae_yredelemnul_corpse_copse, uniq_jessica
D:4:      layout_loops_ring, minmay_temple_entry_butterflies,
          chequers_mini_garden
D:5:      layout_loops_corners, vehumet_statue,
          mainiacjoe_overflow_concentric_impassable, minmay_starry_boxes
D:6:      layout_loops_ring, lemuel_doored_altar, nrook_pool_corridor
D:7:      layout_basic, nemelex_altar_shiori, nicolae_dithmenos_the_darkroom,
          hex_tiny, minivault_4, grunt_ministairs_13
D:8:      layout_basic, elyvilon_altar_3, nicolae_gozag_zags_fifth_avenue,
          serial_bayou, serial_bayou_ford_a, serial_bayou_pond_a,
          serial_bayou_shore_b, serial_bayou_shore_a, serial_bayou_pond_e,
          doesnt_shop_hydraphobe
D:9:      layout_basic, minmay_lair_entry_grove, orc_david_3,
          hellmonk_ghost_happy_afterlife, minmay_misc_feat_doors
D:10:     layout_roguey, fedhas_altar_3, tso_oasis_becter, chequers_arboretum,
          uniq_snorg, uniq_erolcha
D:11:     layout_stronghold, minmay_between, uniq_gastronok
D:12:     layout_irregular_city, uniq_rupert, uniq_kirke
D:13:     layout_layer_cave, ximxim_vaults_locker_room,
          kennysheep_generic_room_13
D:14:     layout_roguey, nicolae_elevator_lobby_plus, uniq_azrael
D:15:     hangedman_depths_entry_try_elsewhere_first, layout_rooms,
          portal_ice_cave_entry_ice_statue_two, minmay_tree_intersection,
          uniq_roxanne
Temple:   kb_corrupted_temple
Lair:1:   layout_roguey, gauntlet_entry_generic, grunt_megastairs_5
Lair:2:   dragon1_lemuel, layout_chaotic_city, nicolae_swamp_entry_spooky
Lair:3:   layout_gridlike, nicolae_snake_entry_squirm, grunt_megastairs_4,
          infiniplex_staircase_pool_2
Lair:4:   layout_regular_city, serial_rivers, chequers_serial_rivers_large_b,
          chequers_serial_rivers_small_b, chequers_serial_rivers_large_a,
          chequers_serial_rivers_micro_c, chequers_serial_rivers_micro_b,
          chequers_serial_rivers_micro_a
Lair:5:   evilmike_catoblepas_cave, layout_regular_city,
          nicolae_slime_entry_slimehenge, minmay_shattered_shrine,
          grunt_megastairs_2
Swamp:1:  layout_basic_swamp, evilmike_swamp_ruin_rubble_2, swamp_pool4,
          lightli_tree_ring
Swamp:2:  nicolae_swamp_husk_halls, layout_basic_swamp,
          evilmike_swamp_ruin_house_2
Swamp:3:  layout_basic_swamp, evilmike_swamp_ruin_house_6, uniq_jorgrun,
          uniq_louise
Swamp:4:  swamp_pestilence, layout_basic_swamp, swamp_pool4,
          nicolae_swamp_nymph_family_reunion
Snake:1:  layout_cave_shapes, minmay_shop_star
Snake:2:  cheibrodos_snake_ritualist_ritual, layout_rooms, basic_altar,
          hangedman_snake_pattern
Snake:3:  layout_grid_maze
Snake:4:  minmay_snake_end_coiled, layout_misc_corridors
Slime:1:  layout_caves
Slime:2:  layout_caves
Slime:3:  layout_caves
Slime:4:  layout_caves
Slime:5
Orc:1:    layout_diamond_mine, uniq_sonja
Orc:2:    st_orc_ogre_mass, layout_caves, minmay_orc_treasury, uniq_josephine
Elf:1:    nicolae_elf_arrival_aired_out, layout_loops_ring,
          hangedman_elf_disciples
Elf:2:    elven_hall_of_blades_hangedman_original
          [nicolae_vaults_blade_armed_guards], layout_loops_cross,
          infiniplex_enter_wizlab_glasses, serial_shops, shop, nrook_uturn
Elf:3:    minmay_elf_hall_four_x, layout_onion_city,
          nicolae_shop_sticking_my_neck_out
Vaults:1: v_rooms_6, ontoclasm_vaults_ring_square, grunt_vaults_swirl,
          vaults_room_hallway, v_misc_23, hangedman_vaults_corner_blocks,
          hangedman_vaults_slice, vaults_dpeg_ring, layout_vaults_quadrants
Vaults:2: ontoclasm_vaults_ring_small, ontoclasm_vaults_loading_screen,
          nicolae_vaults_little_squares_5, nicolae_vaults_sealed_display,
          st_diamondy, v_pattern_5, ontoclasm_vaults_pinch,
          layout_vaults_omnicross, serial_shops, nicolae_lakefront_shop
Vaults:3: hangedman_vaults_slice, blue_anna_dwarven_crypt,
          grunt_vaults_trifunnel, v_misc_8, vaults_mumra_chevron,
          hangedman_vaults_nodes, v_misc_4, vaults_mumra_lcd,
          nicolae_vaults_little_squares_3, vaults_room_door_ring,
          nicolae_vaults_yaktaur_gun_rack, nicolae_vaults_theta,
          layout_vaults_ring, uniq_boris
Vaults:4: v_misc_30, nicolae_vaults_alarming, v_misc_18,
          nicolae_vaults_back_hallway, ontoclasm_vaults_idyll,
          nicolae_vaults_shelves_hall, nicolae_vaults_border_crossing,
          v_rooms_3, nicolae_vaults_asterisk, layout_vaults_big_room,
          serial_shops, nicolae_shop_hallway_stairs,
          nicolae_shop_bloodbath_and_beyond, shop, shop, shop
Vaults:5
Depths:1: layout_gridville, enter_ziggurat_e,
          hangedman_abyss_or_decor_jellyfish_corner, hellmouth_3, abyss_entry,
          chequers_serial_rivers_room_b, serial_bayou_lake_a
Depths:2: minmay_box_of_statues, layout_cave_pools, grunt_pan_entry_in_and_out,
          gammafunk_ghost_necromancy, minivault_14, hell_entry, uniq_saint_roka
Depths:3: nicolae_hitomezashi [nicolae_hito_row, nicolae_hito_row,
          nicolae_hito_row, nicolae_hito_row, nicolae_hito_row,
          nicolae_hito_row, nicolae_hito_row, nicolae_hito_row,
          nicolae_hito_row, nicolae_hito_row, nicolae_hito_row,
          nicolae_hito_row, nicolae_hito_row, nicolae_hito_row,
          nicolae_hito_row, nicolae_hito_row, nicolae_hito_row,
          nicolae_hito_row], layout_gridville, hangedman_abyss_or_decor_stabs,
          abyss_entry, grunt_hell_entry_dis_grunt, roderic_serpentine_path,
          guppyfry_shop_venom
Depths:4: grunt_zot_entry_bicorn, layout_cave_pools, lightli_too_deep
Zot:1:    layout_gridlike, hangedman_zot_decor_slant, grunt_ministairs_7,
          st_small_dragon_hoard_3
Zot:2:    layout_onion, ebering_ghost_reflecting_pool, uniq_parghit
Zot:3:    layout_cathedral_of_symmetry, st_single_dragon_hoard_1
Zot:4:    hangedman_snap_crack_crunch, layout_cathedral_of_symmetry,
          hangedman_swamp_dais
Zot:5:    layout_twisted_circle, kennysheep_underground_church

Skill      XL: |  1  2  3  4  5  6  7  8  9 10 11 12 13 14 15 16 17 18 19 20 21 22 23 24 25 26 27 |
---------------+----------------------------------------------------------------------------------+-----
Fighting       | 1 2 3 4 5 7 8 9 11 12 13 14 15 16 17 18 | 18.9
Spellcasting   | 3 4 5 6 7 8 10 12 13 14 15 16 17 18 | 18.7
Stealth        | 3 4 6 8 9 11 12 18 | 18.5
Dodging        | 4 5 6 7 8 10 12 13 15 16 17 18 19 20 22 | 22.3
Shields        | 1 3 5 6 7 9 10 11 12 13 14 15 16 17 19 | 19.7
Evocations     | 2 4 5 7 9 11 12 13 14 15 16 | 16.9
Armour         | 3 4 6 8 9 11 | 11.1
Long Blades    | 3 6 10 11 | 11.4

Action                   |  1- 3 |  4- 6 |  7- 9 | 10-12 | 13-15 | 16-18 | 19-21 | 22-24 | 25-27 || total
-------------------------+-------+-------+-------+-------+-------+-------+-------+-------+-------++-------
Melee: Dagger            |    10 |       |       |       |       |       |       |       |       ||    10
       Unarmed           |     1 |       |       |       |       |       |       |       |       ||     1
       Staff             |     3 |       |     5 |       |    13 |    15 |    40 |    51 |    52 ||   179
       Whip              |       |       |       |    33 |    37 |       |       |       |       ||    70
       Demon blade       |       |       |       |       |       |       |       |       |   106 ||   106
Throw: Javelin           |       |       |       |       |       |       |       |     2 |       ||     2
 Cast: Sting             |    35 |       |       |       |       |       |       |       |       ||    35
       Foxfire           |    39 |   103 |   190 |   104 |       |       |       |       |       ||   436
       Scorch            |       |    12 |    76 |   113 |    11 |       |       |       |       ||   212
       Mephitic Cloud    |       |     1 |     3 |    27 |     3 |     1 |       |       |       ||    35
       Olgreb's Toxic Ra |       |       |     1 |    34 |    60 |    43 |    13 |     2 |       ||   153
       Poisonous Vapours |       |       |       |    12 |     1 |       |       |       |       ||    13
       Summon Ice Beast  |       |       |       |    17 |     1 |     6 |       |     1 |       ||    25
       Inner Flame       |       |       |       |    14 |     6 |     1 |       |       |       ||    21
       Ensorcelled Hiber |       |       |       |     1 |       |     2 |       |       |       ||     3
       Fireball          |       |       |       |       |   346 |   450 |   369 |   469 |   152 ||  1786
       Death Channel     |       |       |       |       |     3 |     5 |    20 |     7 |    12 ||    47
       Malign Gateway    |       |       |       |       |       |    14 |    27 |     9 |    20 ||    70
       Summon Hydra      |       |       |       |       |       |       |    78 |    99 |   141 ||   318
       Summon Horrible T |       |       |       |       |       |       |     7 |    16 |    33 ||    56
       Enfeeble          |       |       |       |       |       |       |       |     1 |    26 ||    27
       Infestation       |       |       |       |       |       |       |       |       |   100 ||   100
       Shatter           |       |       |       |       |       |       |       |       |   264 ||   264
Invok: Curse Item        |       |       |     2 |     2 |     3 |     5 |     1 |     3 |     3 ||    19
       Shatter the Chain |       |       |       |     1 |       |     2 |     2 |     3 |     2 ||    10
Evoke: Phial of floods   |       |       |       |       |       |     2 |       |       |       ||     2
       Wand              |       |       |       |       |       |     2 |       |       |     3 ||     5
       Condenser vane    |       |       |       |       |       |     1 |     1 |     2 |     2 ||     6
       Box of beasts     |       |       |       |       |       |       |       |     1 |     4 ||     5
  Use: Scroll            |       |     4 |     3 |     2 |     1 |     1 |       |     3 |     7 ||    21
       Potion            |       |       |       |     1 |     1 |       |       |     4 |     5 ||    11
 Stab: Confused          |       |       |       |     4 |       |       |       |       |       ||     4
       Distracted        |       |       |       |       |       |       |     4 |     3 |     9 ||    16
       Sleeping          |       |       |       |       |       |       |       |       |     1 ||     1
       Invisible         |       |       |       |       |       |       |       |       |     2 ||     2
Armor: Robe              |     7 |     1 |     2 |       |       |       |       |       |       ||    10
       Leather armour    |       |       |    13 |    12 |       |       |       |       |       ||    25
       Troll leather arm |       |       |       |    10 |    35 |    25 |    38 |    59 |    82 ||   249
Dodge: Dodged            |    21 |     7 |    18 |    70 |    68 |    44 |    83 |   142 |   285 ||   738
Block: Buckler           |       |       |     1 |    29 |    30 |     1 |       |     2 |    99 ||   162
       Kite shield       |       |       |       |       |       |   110 |   218 |   154 |       ||   482
       Reflection        |       |       |       |       |       |    28 |    38 |    11 |       ||    77

Table legend: (Time is in decaauts)
 A = Elapsed time spent in this place.
 B = Non-inter-level travel time spent in this place.
 C = Inter-level travel time spent in this place.
 D = Time resting spent in this place.
 E = Time spent auto-exploring this place.
 F = Levels seen in this place.
 G = Mean time per level.
                   A        B        C        D        E       F      G
               +--------+--------+--------+--------+--------+-----+--------+
         Total |  63161 |  55638 |   7523 |  10412 |  32146 |  56 | 1127.9 |
       Dungeon |  19978 |  16568 |   3410 |   3256 |  10727 |  15 | 1331.9 |
        Temple |    106 |     87 |     19 |      0 |     71 |   1 |  106.0 |
          Lair |   6831 |   5565 |   1266 |   1077 |   3386 |   5 | 1366.2 |
         Swamp |   3265 |   3054 |    211 |    638 |   1830 |   4 |  816.2 |
     Snake Pit |   3785 |   3565 |    220 |    314 |   2237 |   4 |  946.2 |
    Slime Pits |   2893 |   2615 |    278 |    820 |   1229 |   5 |  578.6 |
  Orcish Mines |   1919 |   1707 |    212 |    277 |    947 |   2 |  959.5 |
   Elven Halls |   2964 |   2780 |    184 |    369 |   1612 |   3 |  988.0 |
        Vaults |   7715 |   6849 |    866 |    764 |   4029 |   5 | 1543.0 |
        Depths |   3764 |   3361 |    403 |     76 |   2086 |   4 |  941.0 |
           Zot |   7938 |   7490 |    448 |   2117 |   3566 |   5 | 1587.6 |
      Ice Cave |    957 |    957 |      0 |    488 |    209 |   1 |  957.0 |
        Wizlab |    707 |    707 |      0 |    216 |    156 |   1 |  707.0 |
      Gauntlet |    333 |    333 |      0 |      0 |     61 |   1 |  333.0 |
               +--------+--------+--------+--------+--------+-----+--------+

Top non-repeatable levels by time:
     D:8: 2195 daAuts
   Zot:5: 2153 daAuts
     D:7: 1833 daAuts
  Lair:5: 1793 daAuts
Vaults:1: 1787 daAuts
   Zot:4: 1786 daAuts
    D:13: 1604 daAuts
  Lair:2: 1603 daAuts
   Orc:2: 1571 daAuts
     D:5: 1559 daAuts
Vaults:3: 1549 daAuts
Vaults:2: 1530 daAuts
Vaults:5: 1509 daAuts
    D:15: 1437 daAuts
   Zot:3: 1432 daAuts
